AoeStats
← thunder bun

Arabia

506154160Analyzed
1v1 RM · 18d ago on Sep 12, 2026· 31m 34s· 2 players
Game mode
Random Map
Map size
Tiny (2 player)
Population
200
Speed
Normal
Resources
Standard
Victory
Conquest
Starting age
Dark Age
Ending age
Imperial Age
RankedLock teamsTeams togetherTeam positionsShared explorationLock speedFull tech treeHidden civsTurbo modeCheats
Victory
Defeat
🇧🇷 Mongols · Brazil
2201
+15
🇹🇼 Mongols · Taiwan
2183
-15
thunder bun
5:35 Loom
8:03 Feudal Age
9:36 Double-Bit Axe
14:20 Town Watch
20:34 Fletching
25:02 Castle Age
23:43 Gold Mining
25:23 Elite Skirmisher
25:59 Bodkin Arrow
27:39 Padded Archer Armor
29:05 Bow Saw
Fs.Jubileu
5:45 Loom
8:35 Feudal Age
12:56 Fletching
14:22 Double-Bit Axe
24:29 Castle Age
22:53 Padded Archer Armor
23:24 Horse Collar
24:36 Crossbowman
25:15 Bodkin Arrow
27:14 Bow Saw
28:45 Gold Mining
29:56 Wheelbarrow
29:45 Guard Tower
Connection lost

Rejoining the realm…

Still unreachable

The connection could not be restored.

Session expired

The server has moved on; the page needs a fresh start.